 Dungeon Crawl Stone Soup version 0.24-a0-618-ge4662a2 (console) character file.

Game seed: 9264680275867956102, levelgen mode: deterministic

89 vegansnacktivist the Insei (level 4, -8/32 HPs)
             Began as a Demonspawn Transmuter on Sept 15, 2019.
             Was an Initiate of Dithmenos.
             Killed by nerve-wracking pain
             ... invoked by a shadow imp
             ... summoned by Natasha
              (13 damage)
             ... on level 2 of the Dungeon.
             The game lasted 00:03:53 (3311 turns).

vegansnacktivist the Insei (Demonspawn Transmuter)  Turns: 3311, Time: 00:03:53

Health: -8/32      AC:  2    Str: 12    XL:     4   Next: 31%
Magic:  2/7        EV: 12    Int: 14    God:    Dithmenos [......]
Gold:   82         SH:  0    Dex: 13    Spells: 4/7 levels left

rFire    . . .     SeeInvis .     - Unarmed
rCold    . . .     Gourm    .   (no shield)
rNeg     . . .     Faith    .   b - +0 robe
rPois    .         Spirit   .   (no helmet)
rElec    .         Reflect  .   (no cloak)
rCorr    .         Harm     .   (no gloves)
MR       .....                  (no boots)
Stlth    ++........             (no amulet)
HPRegen  0.10/turn              m - ring of stealth
MPRegen  0.10/turn              (no ring)

@: very slightly contaminated
A: powered by pain 2
a: Renounce Religion


You were on level 2 of the Dungeon.
You worshipped Dithmenos.
Dithmenos was noncommittal.
You were hungry.

You visited 1 branch of the dungeon, and saw 2 of its levels.

You collected 82 gold pieces.

Inventory:

Missiles
 a - 19 arrows
 n - 11 poisoned darts (quivered)
Armour
 b - a +0 robe (worn)
Jewellery
 m - a ring of stealth (left hand)
Wands
 l - a wand of digging (6)
Scrolls
 c - 2 scrolls of immolation {unknown}
 e - 2 scrolls of amnesia {unknown}
 g - 3 scrolls of magic mapping {unknown}
 i - a scroll of identify {unknown}
 o - a scroll of enchant weapon {unknown}
Potions
 f - 2 potions of curing {unknown}
 h - a potion of resistance {unknown}
 j - 2 potions of cancellation {unknown}
 k - a potion of degeneration {unknown}
 q - a potion of flight {unknown}
Comestibles
 d - a ration


   Skills:
 - Level 1.0 Fighting
 - Level 1.7 Dodging
 + Level 4.7 Unarmed Combat
 - Level 2.0 Spellcasting
 - Level 1.7 Transmutations


You had 4 spell levels left.
You knew the following spells:

 Your Spells              Type           Power        Failure   Level  Hunger
a - Beastly Appendage     Tmut           #.....       12%         1    ##.....
b - Sticks to Snakes      Tmut           #.......     17%         2    ###....

Your spell library contained the following spells:

 Spells                   Type           Power        Failure   Level  Hunger
 Magic Dart               Conj           #...         24%         1    ##.....
 Blink                    Tloc           N/A          34%         2    ###....
 Call Imp                 Summ           #.......     34%         2    ###....
 Slow                     Hex            #.......     34%         2    ###....
 Spider Form              Tmut/Pois      #.........   45%         3    ####...
 Conjure Flame            Conj/Fire      #.......     56%         3    ####...
 Mephitic Cloud           Conj/Pois/Air  #.......     56%         3    ####...
 Ice Form                 Ice/Tmut       #.......     86%         4    #####..
 Blade Hands              Tmut           #.........   97%         5    ######.


Dungeon Overview and Level Annotations

Branches:
Dungeon (2/15)

Altars:
Ashenzari
Dithmenos
Sif Muna

Annotations:
D:2 Natasha


Innate Abilities, Weirdness & Mutations

You sometimes gain power by taking damage.


Message History

Your ball python dies!
The crimson imp blinks!
The shadow imp shouts, "Bolt, thou erky weeb-spouting slime mould!"
The shadow imp hits you.
Natasha wildly gestures.
Natasha shimmers violently.
The shadow imp barely misses you. The shadow imp closely misses you.
Natasha claws you!
* * * LOW HITPOINT WARNING * * *
The shadow imp closely misses you.
The shadow imp lashes its tail.
The shadow imp barely misses you. The shadow imp hits you.
* * * LOW HITPOINT WARNING * * *
Natasha claws you.
* * * LOW HITPOINT WARNING * * *
The shadow imp hits you.
* * * LOW HITPOINT WARNING * * *
The shadow imp gestures at you. Pain shoots through your body!
You die...

,,,,,,,,,,,,,,,,,...#
**********#########.######
#..>....#......##
##.........###...##**
##....(#####........,*
#..##.######.(#...##.*
##....)##.5...##*,...,*
#####..#.#.##.##..##*..##,*
**#.....##...##@###55#..#**,*
##......#...####..##.....#*,,***
...#..###..###...............,,*
#**#.###........##.........##,,*
# #.#.........####..._...##**,*
####.#..#.......#*.........#*,,*
##...#.##........(...........,,*
#..#...##......#.(##.....##..*,*
.>#....##......#.#*#..#..#*#.,,*


You could see a shadow imp.

Vanquished Creatures
  Natasha (D:2)
  3 worms (D:2)
  A dart slug (D:1)
  2 leopard geckos (D:1)
  3 giant cockroaches
  4 goblins
  4 hobgoblins
  4 jackals
  A ball python (D:1)
  4 bats
  5 frilled lizards
  5 kobolds
  3 rats
40 creatures vanquished.

Vanquished Creatures (collateral kills)
  Natasha (D:2)
  A worm (D:2)
  A kobold (D:2)
3 creatures vanquished.

Grand Total: 43 creatures vanquished

Notes
Turn   | Place    | Note
-------+----------+-------------------------------------------
     0 | D:1      | vegansnacktivist the Demonspawn Transmuter began the quest
                  | for the Orb.
     0 | D:1      | Reached XP level 1. HP: 15/15 MP: 3/3
    93 | D:1      | Reached skill level 3 in Unarmed Combat
   114 | D:1      | Gained mutation: You sometimes gain a little power by
                  | taking damage. [demonic ancestry]
   114 | D:1      | Reached XP level 2. HP: 7/21 MP: 3/5
  1331 | D:2      | Noticed Natasha
  1350 | D:1      | Learned a level 2 spell: Sticks to Snakes
  1595 | D:2      | Found a shadowy altar of Dithmenos.
  1599 | D:2      | Reached XP level 3. HP: 21/26 MP: 6/6
  1607 | D:2      | Became a worshipper of Dithmenos the Shadowed
  1727 | D:2      | Killed Natasha
  1727 | D:2      | Reached skill level 4 in Unarmed Combat
  2203 | D:2      | Found a shimmering blue altar of Sif Muna.
  2840 | D:2      | Gained mutation: You sometimes gain power by taking damage.
                  | [demonic ancestry]
  2840 | D:2      | Reached XP level 4. HP: 31/32 MP: 7/7
  2846 | D:2      | Found a shattered altar of Ashenzari.
  2982 | D:2      | Noticed Natasha
  2993 | D:2      | Killed Natasha
  3289 | D:2      | Found a shadowy altar of Dithmenos.
  3292 | D:2      | Noticed Natasha
  3311 | D:2      | Killed from afar by a shadow imp

Levels and vault maps discovered:
D:1:      minmay_arrival_semitransparent, layout_basic, serial_bayou_crossing
D:2:      layout_rooms, marbit_many_paths, lemuel_coloured_pillars_altar,
          nicolae_dithmenos_shadow_blocks, uniq_natasha

Skill      XL: |  1  2  3 |
---------------+----------+-----
Unarmed Combat | 3 4 |  4.7
Fighting       | |  1.0
Dodging        | |  1.7
Spellcasting   | |  2.0
Transmutations | |  1.7

Action                   |  1- 3 |  4- 6 || total
-------------------------+-------+-------++-------
Melee: Unarmed           |   130 |     8 ||   138
       Kick              |     5 |       ||     5
       Headbutt          |     7 |       ||     7
       Punch             |     1 |       ||     1
Throw: Dart              |       |     4 ||     4
 Cast: Beastly Appendage |    17 |     1 ||    18
       Sticks to Snakes  |     4 |     4 ||     8
 Stab: Sleeping          |     2 |       ||     2
  Eat: Chunk             |     7 |     1 ||     8
Armor: Robe              |    22 |       ||    22
Dodge: Dodged            |    76 |     5 ||    81

Table legend:
 A = Non-vault XP
 B = Vault XP
 C = Vault XP percentage of total XP
 D = Non-vault monster count
 E = Vault monster count
 F = Vault count percentage of total count
                 A         B        C        D         E       F
            +---------+---------+-------+---------+---------+-------
      Total |     109 |      19 |  14.8 |      41 |       2 |   4.7
            +---------+---------+-------+---------+---------+-------
        D:1 |      42 |       0 |   0.0 |      25 |       0 |   0.0
        D:2 |      67 |      19 |  22.1 |      16 |       2 |  11.1
            +---------+---------+-------+---------+---------+-------
